AoeStats
← Leão

Arabia

509654365Analyzed
1v1 RM · 4d ago on Sep 27, 2026· 24m 54s· 2 players
Game mode
Random Map
Map size
Tiny (2 player)
Population
200
Speed
Normal
Resources
Standard
Victory
Conquest
Starting age
Dark Age
Ending age
Imperial Age
RankedLock teamsTeams togetherTeam positionsShared explorationLock speedFull tech treeHidden civsTurbo modeCheats
Victory
Defeat
🇧🇷 Varangians · Brazil
1250
+17
🇨🇴 Lithuanians · Colombia
1274
-17
Leão
7:09 Loom
9:55 Feudal Age
10:47 Double-Bit Axe
15:44 Bloodlines
23:13 Castle Age
21:12 Gold Mining
21:20 Horse Collar
22:11 Scale Barding Armor
22:39 Forging
24:58 Bow Saw
24:50 Husbandry
informessigma
7:07 Loom
9:49 Feudal Age
13:38 Forging
16:07 Wheelbarrow
15:41 Scale Barding Armor
22:49 Castle Age
21:07 Double-Bit Axe
21:03 Horse Collar
22:56 Scale Mail Armor
23:22 Gold Mining
23:24 Stone Mining
23:10 Pikeman
Connection lost

Rejoining the realm…

Still unreachable

The connection could not be restored.

Session expired

The server has moved on; the page needs a fresh start.